 Dungeon Crawl Stone Soup version 0.20-a0-350-ga83eecc (webtiles) character file.

2200 TheGoonsmith the Cleaver (level 9, -1/72 HPs)
             Began as a Formicid Fighter on Dec 23, 2016.
             Was an Initiate of Gozag.
             Slain by a sixfirhy (12 damage)
             ... on level 7 of the Dungeon.
             The game lasted 00:12:37 (6757 turns).

TheGoonsmith the Cleaver (Formicid Fighter)         Turns: 6757, Time: 00:12:37

Health: -1/72      AC:  9    Str: 28    XL:     9   Next: 60%
Magic:  9/9        EV:  8    Int:  8    God:    Gozag
Gold:   818        SH: 13    Dex: 11    Spells: 8/8 levels left

rFire  . . .     SeeInvis +     t - +4 battleaxe (venom)
rCold  . . .     Gourm    +     y - +0 chain mail
rNeg   . . .     Faith    .     c - +1 shield
rPois  .         Spirit   .     (helmet unavailable)
rElec  .         Reflect  .     (no cloak)
rCorr  .         Harm     .     (no gloves)
MR     .....                    (no boots)
Stlth  ..........               o - amulet of the gourmand
                                (no ring)
                                k - ring of see invisible

@: mighty
A: permanent stasis, dig shafts and tunnels, four strong arms, antennae 3
a: Dig, Shaft Self, Potion Petition, Call Merchant, Bribe Branch, Renounce
Religion


You were on level 7 of the Dungeon.
You worshipped Gozag.
Gozag was pleased with you.
You were not hungry.

You visited 1 branch of the dungeon, and saw 7 of its levels.
You also visited: Ossuary.

You collected 1255 gold pieces.
You spent 428 gold pieces at shops.
You paid 9 gold pieces to Gozag.

Inventory:

Hand Weapons
 a - a +0 war axe
 t - a +4 battleaxe of venom (weapon)
Armour
 b - a +0 scale mail
 c - a +1 shield (worn)
 y - a +0 chain mail (worn)
Jewellery
 k - a ring of see invisible (left hand)
 o - an amulet of the gourmand (around neck)
Wands
 h - a wand of polymorph (13/24)
Scrolls
 i - 4 scrolls of teleportation
 m - a scroll of enchant armour
 n - 3 scrolls of remove curse
 r - 2 scrolls of identify
 v - a scroll of recharging
 z - a scroll of fog
 A - a scroll of fear
 C - a scroll of holy word {unknown}
Potions
 d - a potion of might
 e - a potion of brilliance
 g - 2 potions of cancellation
 j - 2 potions of curing
 l - a potion of invisibility
 p - 5 potions of haste
 q - a potion of ambrosia {unknown}
 s - a potion of degeneration {unknown}
 u - a potion of flight {unknown}
 w - a potion of mutation {unknown}
 x - a potion of heal wounds {unknown}
 D - a potion of resistance {unknown}
Comestibles
 f - 6 bread rations
 B - 2 meat rations


   Skills:
 + Level 7.4 Fighting
 * Level 8.8 Axes
 - Level 3.2 Armour
 + Level 8.1 Shields


You had 8 spell levels left.
You didn't know any spells.

Dungeon Overview and Level Annotations

Branches:
Dungeon (7/15)             Temple (0/1) D:5

Altars:
Gozag
Trog
Vehumet
Xom

Shops:
D:4 ?


Innate Abilities, Weirdness & Mutations

You cannot be hasted, slowed, berserked, paralysed or teleported.
You can dig through walls and to a lower floor.
Your four strong arms can wield two-handed weapons with a shield.
You have a pair of large antennae on your head. (SInv)


Message History

You block the sixfirhy's attack. The sixfirhy hits you.
The sixfirhy shocks you! You block the sixfirhy's attack.
The sixfirhy hits you. The sixfirhy shocks you!
* * * LOW HITPOINT WARNING * * *
You barely miss the sixfirhy.
The sixfirhy is lightly wounded.
You feel very mighty all of a sudden.
You miss the sixfirhy.
The sixfirhy is lightly wounded.
You block the sixfirhy's attack. The sixfirhy hits you.
* * * LOW HITPOINT WARNING * * *
The sixfirhy shocks you!
* * * LOW HITPOINT WARNING * * *
You block the sixfirhy's attack. x2; The sixfirhy barely misses you.
The sixfirhy hits you but does no damage.
You feel better. The sixfirhy hits you.
* * * LOW HITPOINT WARNING * * *
The sixfirhy shocks you!
You die...
Your body crumbles into a pile of gold.

###.## ### $
##... ###..
##.... #...#
#.#####...##
###.#.#
#.......#...
#.....#
#.#####...##
#.###.##
##..#
#.#3#..#
##.#
#.#@#..# #.#
#......# #.#
######.# #.#
#.# #.# #>#
#.# #.# #.#
#.# #.#
####.# #.#
#....# #.#


You could see a sixfirhy.

Vanquished Creatures
  A hippogriff (D:7)
  An orc warrior (D:7)
  2 sky beasts
  2 ogres (D:4)
  An elf zombie (Ossuary)
  A big kobold (D:7)
  4 bullfrogs (D:6)
  2 scorpions
  A howler monkey (D:5)
  2 crimson imps
  A centaur zombie (Ossuary)
  4 orc priests
  2 bullfrog skeletons (D:4)
  5 hounds
  A gnoll shaman (D:7)
  An iguana (D:5)
  An orc wizard (D:4)
  6 worker ants
  A big kobold zombie (Ossuary)
  2 mummies (Ossuary)
  A howler monkey skeleton (D:7)
  13 gnolls
  11 adders
  An adder skeleton (D:7)
  2 adder zombies (Ossuary)
  2 worms (D:2)
  2 dart slugs
  3 leopard geckos
  13 orcs
  4 bats
  5 giant cockroaches
  10 goblins
  4 hobgoblins
  3 jackals (D:2)
  A quokka (D:4)
  4 frilled lizards
  A goblin zombie (Ossuary)
  14 hobgoblin zombies (Ossuary)
  A jackal zombie (Ossuary)
  8 kobolds
  7 kobold zombies (Ossuary)
  A leopard gecko skeleton (D:6)
  8 orc zombies (Ossuary)
  A quokka skeleton (D:4)
  A quokka zombie (D:7)
  12 rats
  A rat zombie (Ossuary)
175 creatures vanquished.

Vanquished Creatures (others)
  A worker ant (D:4)
  An adder (D:4)
  An orc (D:4)
  A jackal (D:4)
4 creatures vanquished.

Grand Total: 179 creatures vanquished

Notes
Turn   | Place    | Note
-------+----------+-------------------------------------------
     0 | D:1      | TheGoonsmith the Formicid Fighter began the quest for the Orb.
     0 | D:1      | Reached XP level 1. HP: 18/18 MP: 1/1
    28 | D:1      | Reached XP level 2. HP: 19/24 MP: 2/2
   451 | D:1      | Reached XP level 3. HP: 29/30 MP: 3/3
   975 | D:2      | Found an opulent altar of Gozag.
   994 | D:2      | Reached XP level 4. HP: 8/37 MP: 4/4
  1312 | D:2      | Became a worshipper of Gozag Ym Sagoz the Greedy
  1484 | D:2      | Found a faded altar of an unknown god.
  1554 | D:2      | Reached XP level 5. HP: 29/42 MP: 5/5
  1641 | D:2      | Found a bloodstained altar of Trog.
  2779 | D:4      | Reached XP level 6. HP: 45/49 MP: 6/6
  2780 | D:4      | Found Yshreoxu's Magic Scroll Emporium.
  2795 | D:4      | Bought a scroll of identify for 22 gold pieces
  2795 | D:4      | Bought a scroll of brand weapon for 220 gold pieces
  2795 | D:4      | Bought a scroll of fog for 22 gold pieces
  2843 | D:4      | Noticed an ogre
  2851 | D:4      | Killed an ogre
  2851 | D:4      | Reached skill level 5 in Shields
  2897 | D:4      | Found a shimmering altar of Xom.
  3172 | D:4      | Noticed an ogre
  3181 | D:4      | Killed an ogre
  3181 | D:4      | Reached skill level 5 in Fighting
  3181 | D:4      | Reached skill level 5 in Axes
  3181 | D:4      | Reached XP level 7. HP: 42/56 MP: 7/7
  3965 | D:5      | Entered Level 5 of the Dungeon
  3999 | D:5      | Found a sand-covered staircase.
  4008 | Ossuary  | Entered an ossuary
  4163 | Ossuary  | Reached XP level 8. HP: 57/63 MP: 8/8
  4396 | D:5      | Found a staircase to the Ecumenical Temple.
  4980 | D:6      | Found a radiant altar of Vehumet.
  5479 | D:6      | Reached XP level 9. HP: 69/71 MP: 9/9
  6108 | D:4      | Bought a scroll of enchant weapon for 82 gold pieces
  6108 | D:4      | Bought a scroll of enchant weapon for 82 gold pieces
  6248 | D:7      | Noticed a hippogriff
  6253 | D:7      | Killed a hippogriff
  6740 | D:7      | Found a runed door.
  6743 | D:7      | Noticed a sixfirhy
  6756 | D:7      | HP: 2/72 [sixfirhy (10)]
  6757 | D:7      | Slain by a sixfirhy

Vault maps used:
D:1:      lemuel_arrival_cross, feat_on_display
D:2:      nicolae_gozag_seed_capital, chequers_ecumenical_altar_simple_redux,
          trog_three_pillars_becter
D:4:      xom_confusion_cloud, serial_shops, nicolae_shop_window_shopping
D:5:      nicolae_ossuary_entry_monument, first_bread
D:6:      overflow_temple_1_default
D:7:      cheibrodos_shockbox, corexii_corridor_pit
Ossuary:  ossuary_tomb_1

Skill      XL: |  1  2  3  4  5  6  7  8  9 |
---------------+----------------------------+-----
Shields        | 4 5 6 7 8 |  8.1
Axes           | 3 4 5 6 7 8 |  8.8
Fighting       | 4 5 6 7 |  7.4
Armour         | |  3.2

Action                   |  1- 3 |  4- 6 |  7- 9 || total
-------------------------+-------+-------+-------++-------
Melee: War axe           |    82 |   130 |       ||   212
       Battleaxe         |       |       |   283 ||   283
  Use: Potion            |     1 |       |     2 ||     3
       Scroll            |       |       |    20 ||    20
  Eat: Chunk             |       |     2 |       ||     2
       Bread ration      |       |     1 |     1 ||     2
       Meat ration       |       |       |     2 ||     2
Armor: Scale mail        |    28 |    66 |    13 ||   107
       Skin              |     6 |       |       ||     6
       Chain mail        |       |       |    93 ||    93
Dodge: Dodged            |    28 |    50 |    93 ||   171
Block: Shield            |    41 |    72 |   157 ||   270
